 Dungeon Crawl Stone Soup version 0.29-a0-322-g68df515428 (webtiles) character file.

Game seed: 8559576426829489589

346 GigaChad the Slasher (level 6, -3/48 HPs)
             Began as a Demonspawn Chaos Knight on Apr 10, 2022.
             Was a Plaything of Xom.
             Shot with an arrow by a centaur (7 damage)
             ... on level 5 of the Dungeon.
             The game lasted 00:08:01 (2495 turns).

GigaChad the Slasher (Demonspawn Chaos Knight)      Turns: 2495, Time: 00:08:04

Health: -3/48      AC:  9    Str: 13    XL:     6   Next: 32%
Magic:  6/6        EV:  6    Int: 13    God:    Xom [...*..]
Gold:   198        SH:  4    Dex: 14    Spells: 5/5 levels left

rFire   . . .      SeeInvis .   a - +0 falchion (chaos)
rCold   . . .      Faith    .   (no shield)
rNeg    . . .      Spirit   .   z - +0 chain mail
rPois   .          Reflect  .   (no helmet)
rElec   .          Harm     .   (no cloak)
rCorr   .          Rampage  .   (no gloves)
Will    .....                   (no boots)
Stlth   ..........              (no amulet)
HPRegen 0.16/turn               (no ring)
MPRegen 0.10/turn               (no ring)

@: no status effects
A: spiny 2, condensation shield, weakness stinger 1
a: Renounce Religion


You were on level 5 of the Dungeon.
You worshipped Xom.
You were a favourite toy of Xom.
You visited 1 branch of the dungeon, and saw 5 of its levels.

You collected 198 gold pieces.

Inventory:

Hand Weapons
 a - a +0 falchion of chaos (weapon)
 i - a +2 dagger of venom
 q - a +1 hand axe of freezing
 v - a +0 war axe
 A - a +1 hand axe of freezing
Armour
 b - a +2 leather armour
 r - a +0 scale mail
 w - a +0 pair of boots
 z - a +0 chain mail (worn)
Magical Staves
 j - a staff of death
Wands
 o - a wand of digging (6)
Scrolls
 e - a scroll of magic mapping {unknown}
 f - a scroll of silence {unknown}
 g - a scroll of blinking {unknown}
 k - a scroll of summoning {unknown}
 n - a scroll of torment {unknown}
 s - a scroll of fog {unknown}
 u - a scroll of enchant weapon {unknown}
 x - a scroll of identify {unknown}
 y - a scroll of amnesia {unknown}
Potions
 d - a potion of brilliance {unknown}
 h - 2 potions of curing {unknown}
 l - a potion of degeneration {unknown}
 m - a potion of lignification {unknown}
 p - 2 potions of might {unknown}
 t - 2 potions of heal wounds {unknown}
Miscellaneous
 c - a piece from Xom's chessboard (15/15) (quivered)


   Skills:
 + Level 4.2 Fighting
 + Level 4.5 Long Blades
 + Level 3.0 Armour
 + Level 2.2 Dodging
 + Level 1.3 Stealth
 + Level 0.1 Shields


You had 5 spell levels left.
You didn't know any spells.
Your spell library was empty.

Dungeon Overview and Level Annotations

Branches:
Dungeon (5/15)
 Temple: D:4-7

Altars:
Sif Muna
Uskayaw
Xom


Innate Abilities, Weirdness & Mutations

You are mostly covered in sharp spines.
A meltable shield of frost defends you. (SH +4)
You have a small tail.


Message History

The gnoll dies!
The fireball engulfs the gnoll!
The gnoll dies!
The fireball engulfs the gnoll!
The gnoll dies!
The gnoll sergeant closely misses you.
You hit the gnoll sergeant but do no damage.
The gnoll sergeant is poisoned.
You tail-slap the gnoll sergeant, but do no damage.
The gnoll sergeant is lightly wounded.
The gnoll sergeant hits you with a +3 trident of protection.
A centaur comes into view.
You barely miss the gnoll sergeant.
The gnoll sergeant is lightly wounded.
The gnoll sergeant hits you with a +3 trident of protection!
You hit the gnoll sergeant but do no damage.
You tail-slap the gnoll sergeant, but do no damage.
The gnoll sergeant is lightly wounded.
The centaur wields a +0 shortbow.
The centaur shoots an arrow.
The arrow barely misses you.
The arrow hits the gnoll sergeant but does no damage.
You block the gnoll sergeant's attack.
The centaur shoots an arrow.
The arrow hits you!
You barely miss the gnoll sergeant.
The gnoll sergeant is lightly wounded.
The centaur shoots an arrow.
The arrow hits you.
* * * LOW HITPOINT WARNING * * *
An orc comes into view.
It is wielding a +1 dagger of protection.
The gnoll sergeant completely misses you.
The centaur shoots an arrow.
The arrow hits you!
* * * LOW HITPOINT WARNING * * *
Unknown command.
The orc shouts!
You hit the gnoll sergeant but do no damage.
The gnoll sergeant easily resists.
The gnoll sergeant is lightly wounded.
The gnoll sergeant completely misses you.
The centaur shoots an arrow.
The arrow hits you!
You die...
Xom cackles wildly!

#.# ###.# #...# #.#.#
#####.#.### ##
#.g..o#...###.#
#).##..c# #))#..).#
##.#g@...#
#..#....#.# #.
##..#...###.[
#..#####..#.###.#
...# ..........##..
#.. ..# ..#.......#
...#:...#.#
..#####..#.....# ..
##.. ##..##
#...#....#.###. ..
##...)###...#...###..
#.


You could see a gnoll sergeant (very poisoned), a centaur and an orc.

Vanquished Creatures
  2 hounds (D:5)
  Terence (D:3)
  2 iguanas (D:5)
  5 gnolls
  7 adders
  2 worms
  4 dart slugs
  9 orcs
  4 bats
  7 endoplasms
  3 giant cockroaches
  9 goblins
  8 hobgoblins
  3 quokkas
  6 ball pythons
  6 frilled lizards
  6 kobolds
  3 rats
87 creatures vanquished.

Vanquished Creatures (collateral kills)
  A kobold (D:4)
1 creature vanquished.

Vanquished Creatures (others)
  3 gnolls (D:5)
  A goblin (D:1)
4 creatures vanquished.

Grand Total: 92 creatures vanquished

Notes
Turn   | Place    | Note
-------+----------+-------------------------------------------
     0 | D:1      | GigaChad the Demonspawn Chaos Knight began the quest for
                  | the Orb.
     0 | D:1      | Reached XP level 1. HP: 18/18 MP: 1/1
     9 | D:1      | XOM: potion effect (invisibility)
   105 | D:1      | Gained mutation: You are partially covered in sharp spines.
                  | [demonic ancestry]
   105 | D:1      | Reached XP level 2. HP: 8/24 MP: 2/2
   157 | D:1      | Reached skill level 1 in Dodging
   560 | D:2      | Gained mutation: You have a small tail. [demonic ancestry]
   560 | D:2      | Reached XP level 3. HP: 22/29 MP: 3/3
   603 | D:2      | XOM: silly message
   639 | D:2      | Found a faded altar of an unknown god.
   738 | D:2      | Found a shimmering altar of Xom.
  1060 | D:2      | XOM: silly message
  1162 | D:2      | XOM: noise
  1192 | D:3      | Noticed Terence
  1203 | D:3      | Killed Terence
  1204 | D:3      | Reached skill level 1 in Stealth
  1204 | D:3      | Gained mutation: You are mostly covered in sharp spines.
                  | [demonic ancestry]
  1204 | D:3      | Reached XP level 4. HP: 28/37 MP: 4/4
  1534 | D:3      | XOM: silly message
  1540 | D:3      | Gained mutation: A meltable shield of frost defends you.
                  | (SH +4) [demonic ancestry]
  1540 | D:3      | Reached XP level 5. HP: 39/42 MP: 5/5
  1626 | D:3      | Found a shimmering blue altar of Sif Muna.
  1894 | D:4      | XOM: 1-stop teleportation journey
  2088 | D:4      | You fall into a shaft and drop 1 floor!
  2088 | D:5      | Entered Level 5 of the Dungeon
  2093 | D:5      | XOM: cast spell 'Cause Fear'
  2105 | D:5      | Reached XP level 6. HP: 14/48 MP: 6/6
  2302 | D:5      | XOM: 1-stop teleportation journey
  2368 | D:5      | Noticed a +0 short sword
  2368 | D:5      | Noticed a +0 dagger
  2369 | D:5      | Noticed a +0 spear
  2383 | D:5      | Noticed a +0 falchion
  2384 | D:5      | Noticed a +0 short sword
  2385 | D:5      | Noticed a +0 spear
  2385 | D:5      | Noticed a +0 falchion
  2388 | D:5      | Noticed a +0 dagger
  2393 | D:5      | Found a hide-covered altar of Uskayaw.
  2490 | D:5      | XOM: destruction
  2495 | D:5      | Shot with an arrow by a centaur

Illustrated notes

Levels and vault maps discovered:
D:1:      dpeg_arrival_radiant, layout_rooms
D:2:      layout_basic, serial_corexii_hall, chequers_hall_statues_corner_a,
          chequers_hall_statues_corner_a, basic_altar,
          ebering_ecumenical_altar_sacrificial, kennysheep_jessica_study
D:3:      layout_rooms, nicolae_sif_muna_condensation, minmay_surrounded,
          uniq_terence
D:4:      layout_rooms, general_overflow_altar, minmay_temple_entry_junction,
          uniq_menkaure
D:5:      nicolae_BIG_FREAKIN_CUBE, layout_rooms, nicolae_uskayaw_en_pointe,
          minmay_ogre_servants

Skill      XL: |  1  2  3  4  5  6 |
---------------+-------------------+-----
Dodging        | 1 2 |  2.2
Long Blades    | 3 4 |  4.5
Armour         | 2 3 |  3.0
Stealth        | 1 |  1.3
Fighting       | 4 |  4.2
Shields        | |  0.1

Action                   |  1- 3 |  4- 6 || total
-------------------------+-------+-------++-------
Melee: Falchion          |    65 |    87 ||   152
       Tailslap          |     4 |    19 ||    23
       Punch             |       |     1 ||     1
 Stab: Petrified         |     2 |       ||     2
       Invisible         |     1 |       ||     1
       Petrifying        |     1 |       ||     1
Armor: Leather armour    |    21 |       ||    21
       Scale mail        |       |    35 ||    35
       Chain mail        |       |     3 ||     3
Dodge: Dodged            |    42 |    47 ||    89
Block: Other             |       |    14 ||    14

Table legend: (Time is in decaauts)
 A = Elapsed time spent in this place.
 B = Non-inter-level travel time spent in this place.
 C = Inter-level travel time spent in this place.
 D = Time resting spent in this place.
 E = Time spent auto-exploring this place.
 F = Levels seen in this place.
 G = Mean time per level.
                   A        B        C        D        E       F      G
               +--------+--------+--------+--------+--------+-----+--------+
         Total |   2512 |   2463 |     49 |    499 |    381 |   5 |  502.4 |
       Dungeon |   2512 |   2463 |     49 |    499 |    381 |   5 |  502.4 |
               +--------+--------+--------+--------+--------+-----+--------+

Top non-repeatable levels by time:
     D:2: 626 daAuts
     D:1: 560 daAuts
     D:3: 535 daAuts
     D:5: 408 daAuts
     D:4: 382 daAuts
